 Dungeon Crawl Stone Soup version 0.26-a0-158-g66bac3cce0 (webtiles) character file.

Game seed: 2278790625437015530

3494 gruber the Blocker (level 10, -5/83 HPs)
             Began as a Formicid Fighter on July 2, 2020.
             Was a Priest of Okawaru.
             Slain by a killer bee (11 damage)
             ... on level 8 of the Dungeon.
             The game lasted 00:09:47 (8404 turns).

gruber the Blocker (Formicid Fighter)               Turns: 8404, Time: 00:09:48

Health: -5/83      AC: 12    Str: 25    XL:     10   Next: 28%
Magic:  8/10       EV: 13    Int:  7    God:    Okawaru [***...]
Gold:   311        SH: 14    Dex: 10    Spells: 9/9 levels left

rFire    . . .     SeeInvis +   b - +5 great sword
rCold    + . .     Faith    .   c - +0 kite shield
rNeg     . . .     Spirit   .   F - +0 ring mail of Xagi {rC+} (curse)
rPois    +         Reflect  .   (helmet unavailable)
rElec    .         Harm     .   x - +0 cloak
rCorr    +                      (no gloves)
MR       +....                  G - +2 pair of boots
Stlth    ++........             (no amulet)
HPRegen  0.23/turn              C - ring of resist corrosion
MPRegen  0.12/turn              a - ring of poison resistance

@: lethally poisoned (-5 -> -6), heroism
A: permanent stasis, dig shafts and tunnels, four strong arms, antennae 3
a: Dig, Shaft Self, Heroism, Renounce Religion


You were on level 8 of the Dungeon.
You worshipped Okawaru.
Okawaru was most pleased with you.
You were not hungry.

You visited 1 branch of the dungeon, and saw 8 of its levels.

You collected 311 gold pieces.

Inventory:

Hand Weapons
 b - a +5 great sword (weapon)
 y - a +0 shortbow
Missiles
 q - 26 poisoned darts (quivered)
 s - 3 atropa-tipped darts
 E - 49 arrows
Armour
 c - a +0 kite shield (worn)
 x - a +0 cloak (worn)
 F - the cursed +0 ring mail of Xagi (worn) {rC+}
   (You found it on level 6 of the Dungeon)

   It protects you from cold.
   It has a curse placed upon it.
 G - a +2 pair of boots (worn)
Jewellery
 a - a ring of poison resistance (right hand)
 o - an uncursed ring of protection from fire
 v - an uncursed ring of stealth
 A - an uncursed ring of positive energy {unknown}
 C - a ring of resist corrosion (left hand)
Wands
 l - a wand of enslavement (9)
Scrolls
 e - 2 scrolls of enchant armour {unknown}
 g - 6 scrolls of identify
 h - a scroll of fog {unknown}
 i - a scroll of immolation {unknown}
 m - 2 scrolls of amnesia {unknown}
 n - 2 scrolls of remove curse {unknown}
 t - a scroll of blinking {unknown}
 w - a scroll of fear {unknown}
 z - a scroll of random uselessness {unknown}
 B - 2 scrolls of enchant weapon {unknown}
Potions
 d - 4 potions of might
 j - a potion of brilliance {unknown}
 k - 5 potions of curing {unknown}
 p - 2 potions of flight {unknown}
 r - a potion of berserk rage {unknown}
 u - a potion of stabbing {unknown}
 D - a potion of magic {unknown}
Comestibles
 f - 5 rations


   Skills:
 - Level 9.3(14.3) Fighting
   Level 0.1(9.7) Short Blades
 * Level 7.7(12.7) Long Blades
   Level 2.0(7.0) Axes
 - Level 6.2(11.2) Armour
 - Level 9.3(14.3) Shields


You had 9 spell levels left.
You didn't know any spells.
Your spell library contained the following spells:

 Spells                   Type           Power        Failure   Level  Hunger
 Animate Skeleton         Necr           N/A          54%         1    ##.....
 Apportation              Tloc           #.....       54%         1    ##.....
 Corona                   Hex            #......      54%         1    ##.....
 Summon Small Mammal      Summ           #...         54%         1    ##.....


Dungeon Overview and Level Annotations

Branches:
Dungeon (8/15)             Temple (0/1) D:7
   Lair: D:8-11

Altars:
Elyvilon
Fedhas
Makhleb
Okawaru
Sif Muna
Trog
Zin

Shops:
D:6 =


Innate Abilities, Weirdness & Mutations

You cannot be hasted, slowed, berserked, paralysed or teleported.
You can dig through walls and to a lower floor.
Your four strong arms can wield two-handed weapons with a shield.
You have a pair of large antennae on your head. (SInv)


Message History

* * * LOW HITPOINT WARNING * * *
You block the queen bee's attack.
You barely miss the queen bee.
The queen bee is severely wounded.
You block the killer bee's attack. x2; The killer bee barely misses you.
The queen bee stings you!
* * * LOW HITPOINT WARNING * * *
You closely miss the queen bee.
The queen bee is severely wounded.
You feel sick. The killer bee barely misses you.
You riposte.
You slash the killer bee!
The killer bee is severely wounded.
You block the killer bee's attack. The killer bee closely misses you.
The queen bee misses you.
You riposte.
You hit the queen bee but do no damage.
The queen bee is severely wounded.
Unknown command.
You barely miss the queen bee.
The queen bee is severely wounded.
You block the killer bee's attack. The killer bee stings you!
You die...

#.## # ...... .. .....#
#.. .....#
....#####....#.....#
###.....#....#.....##
.>...........+.......
##.#####y#.##.#.....# .
........@y.........# ..
...#######.##...#..###.#
..?....#.##..........##
.......#†..............
........†.......[......
#......#####....###....
#...... #....# # #......
#....# ....... #....#


You could see a queen bee and a killer bee (berserk).

Vanquished Creatures
  Harold (D:7)
  Edmund (D:6)
  2 ice beasts
  2 orc warriors
  A sky beast (D:6)
  A phantom (D:5)
  An ogre (D:4)
  2 centaurs
  2 bullfrogs
  A water moccasin zombie (D:6)
  A scorpion (D:7)
  13 killer bees
  4 wights (D:6)
  6 howler monkeys
  2 bullfrog zombies (D:7)
  5 orc wizards
  A jelly (D:7)
  2 bullfrog skeletons
  An orc priest (D:4)
  3 hounds (D:5)
  A centaur skeleton (D:7)
  A worker ant (D:6)
  12 adders
  A shadow imp (D:6)
  2 white imps
  An ooze (D:3)
  3 adder skeletons
  3 dart slugs (D:1)
  2 leopard geckos
  17 orcs
  3 giant cockroaches
  7 goblins
  9 hobgoblins
  6 jackals
  3 kobolds
  4 quokkas
  3 ball pythons
  9 bats
  4 frilled lizards
  5 rats
148 creatures vanquished.

Notes
Turn   | Place    | Note
-------+----------+-------------------------------------------
     0 | D:1      | gruber the Formicid Fighter began the quest for the Orb.
     0 | D:1      | Reached XP level 1. HP: 18/18 MP: 1/1
    99 | D:1      | Reached XP level 2. HP: 20/24 MP: 2/2
   545 | D:1      | Reached XP level 3. HP: 29/29 MP: 3/3
  1232 | D:2      | Found a faded altar of an unknown god.
  1308 | D:2      | Reached XP level 4. HP: 9/35 MP: 4/4
  1566 | D:2      | Reached skill level 5 in Shields
  2125 | D:3      | Reached XP level 5. HP: 18/41 MP: 5/5
  2602 | D:3      | Found a glowing silver altar of Zin.
  2664 | D:3      | Found a shimmering blue altar of Sif Muna.
  3009 | D:4      | Reached skill level 5 in Armour
  3009 | D:4      | Reached XP level 6. HP: 36/47 MP: 6/6
  3099 | D:4      | Found a blossoming altar of Fedhas.
  3153 | D:4      | Noticed an ogre
  3165 | D:4      | Killed an ogre
  3666 | D:4      | Reached XP level 7. HP: 42/52 MP: 7/7
  4049 | D:5      | Entered Level 5 of the Dungeon
  4049 | D:5      | Found an iron altar of Okawaru.
  4069 | D:5      | Became a worshipper of Warmaster Okawaru
  4143 | D:5      | Got an emerald-encrusted leather armour
  4154 | D:5      | Identified the +1 leather armour of Leoh {rPois rN+} (You
                  | found it on level 5 of the Dungeon)
  4638 | D:4      | Reached XP level 8. HP: 6/58 MP: 8/8
  5139 | D:5      | Reached * piety under Okawaru
  5382 | D:5      | Found a bloodstained altar of Trog.
  5876 | D:6      | Reached skill level 1 in Long Blades
  5963 | D:6      | Found a white marble altar of Elyvilon.
  5966 | D:6      | Found a burning altar of Makhleb.
  5983 | D:6      | Got a transparent ring mail
  5994 | D:6      | Identified the cursed +0 ring mail of Xagi {rC+} (You found
                  | it on level 6 of the Dungeon)
  6159 | D:6      | Found Gusung's Jewellery Boutique.
  6218 | D:6      | Noticed Edmund
  6226 | D:6      | Killed Edmund
  6298 | D:6      | Reached XP level 9. HP: 49/66 MP: 9/9
  6504 | D:6      | Reached skill level 5 in Long Blades
  6955 | D:7      | Found a staircase to the Ecumenical Temple.
  6964 | D:7      | Reached ** piety under Okawaru
  7158 | D:7      | Got a shimmering spear
  7160 | D:7      | Identified the +5 spear of Demiwole {vorpal, Str+3 Int+6}
                  | (You found it on level 7 of the Dungeon)
  7235 | D:7      | Reached skill level 5 in Fighting
  7495 | D:7      | Noticed Harold
  7511 | D:7      | Killed Harold
  7511 | D:7      | Reached *** piety under Okawaru
  7511 | D:7      | Reached XP level 10. HP: 50/82 MP: 10/10
  8404 | D:8      | Slain by a killer bee

Illustrated notes

Levels and vault maps discovered:
D:1:      minmay_arrival_solitary_statue, layout_basic,
          corexii_item_surrounded_by_moat
D:2:      layout_rooms, chequers_ecumenical_altar_grove
D:3:      layout_rooms, led_sif_book, marbit_many_paths, first_ration,
          minmay_goblin_outpost
D:4:      layout_gridville, fedhas_ov_isle_minmay
D:5:      layout_cave_pools, kennysheep_mini, okawaru_ov_weapons_minmay
D:6:      layout_basic, grunt_temple_overflow_open, serial_shops,
          nicolae_shop_temple_entry_statues_fountains, uniq_edmund
D:7:      layout_gridville, minmay_temple_entry_mini_moons,
          kennysheep_generic_room_6, uniq_harold
D:8:      layout_basic, kennysheep_mini_moat, lair_entry_dummy, serial_shops,
          shop_statue, david_nohive_1

Skill      XL: |  1  2  3  4  5  6  7  8  9 10 |
---------------+-------------------------------+-----
Shields        | 4 5 6 7 8 9 |  9.3
Armour         | 4 5 6 |  6.2
Fighting       | 4 8 9 |  9.3
Long Blades    | 4 7 |  7.7
Short Blades   | |  0.1
Axes           | |  2.0

Action                   |  1- 3 |  4- 6 |  7- 9 | 10-12 || total
-------------------------+-------+-------+-------+-------++-------
Melee: War axe           |   131 |   178 |       |       ||   309
       Dagger            |       |    18 |    93 |       ||   111
       Falchion          |       |       |    98 |       ||    98
       Great sword       |       |       |   105 |    45 ||   150
       Spear             |       |       |    18 |       ||    18
Throw: Dart              |       |     6 |       |       ||     6
Invok: Heroism           |       |       |     1 |     1 ||     2
  Use: Scroll            |       |       |     2 |       ||     2
  Eat: Chunk             |     1 |     8 |    10 |     3 ||    22
       Ration            |       |       |     1 |       ||     1
Armor: Scale mail        |     8 |       |       |       ||     8
       Plate armour      |    92 |   146 |    37 |       ||   275
       Leather armour    |       |       |    21 |       ||    21
       Ring mail         |       |       |    30 |    23 ||    53
Dodge: Dodged            |    38 |    48 |    97 |    31 ||   214
Block: Kite shield       |   103 |   164 |   206 |    46 ||   519
       Rpst.: Falchion   |       |       |     5 |       ||     5
       Great sword       |       |       |    22 |     7 ||    29

Table legend:
 A = Non-vault XP
 B = Vault XP
 C = Vault XP percentage of total XP
 D = Non-vault monster count
 E = Vault monster count
 F = Vault count percentage of total count
                 A         B        C        D         E       F
            +---------+---------+-------+---------+---------+-------
      Total |    3472 |    1520 |  30.4 |     135 |      13 |   8.8
            +---------+---------+-------+---------+---------+-------
        D:1 |      46 |       0 |   0.0 |      24 |       0 |   0.0
        D:2 |      61 |       0 |   0.0 |      16 |       0 |   0.0
        D:3 |      52 |      63 |  54.8 |      15 |       6 |  28.6
        D:4 |     528 |       0 |   0.0 |      18 |       0 |   0.0
        D:5 |     440 |       0 |   0.0 |      17 |       0 |   0.0
        D:6 |     783 |     166 |  17.5 |      14 |       1 |   6.7
        D:7 |    1559 |    1108 |  41.5 |      30 |       3 |   9.1
        D:8 |       3 |     183 |  98.4 |       1 |       3 |  75.0
            +---------+---------+-------+---------+---------+-------
